 Dungeon Crawl Stone Soup version 0.25-a0-617-g20d90ebb82 (webtiles) character file.

Game seed: 15118281297457053214, levelgen mode: deterministic

1310 IcyS the Stinger (level 8, 51/51 HPs)
             Began as an Octopode Venom Mage on Mar 18, 2020.
             Was a Believer of the Shining One.
             Quit the game on level 5 of the Dungeon.
             The game lasted 00:17:17 (7805 turns).

IcyS the Stinger (Octopode Venom Mage)              Turns: 7805, Time: 00:17:17

Health: 51/51      AC:  1    Str:  7    XL:     8   Next: 58%
Magic:  9/14       EV: 14    Int: 19    God:    the Shining One [**....]
Gold:   139        SH:  0    Dex: 13    Spells: 2/15 levels left

rFire    . . .     SeeInvis .   f - staff of wizardry (curse)
rCold    . . .     Gourm    .   (no shield)
rNeg     + . .     Faith    .   (helmet restricted)
rPois    .         Spirit   .   v - amulet of regeneration
rElec    .         Reflect  .   (no ring)
rCorr    .         Harm     .   (no ring)
MR       .....                  (no ring)
Stlth    ++........             (no ring)
HPRegen  0.57/turn              (no ring)
MPRegen  0.14/turn              (no ring)
                                (no ring)
                                (no ring)

@: glowing
A: almost no armour, stealthy swim, amphibious, 8 rings, constrict 8, camouflage
1, gelatinous body 1
a: Divine Shield, Renounce Religion


You were on level 5 of the Dungeon.
You worshipped the Shining One.
The Shining One was pleased with you.
You were very hungry.

You visited 1 branch of the dungeon, and saw 6 of its levels.

You collected 139 gold pieces.

Inventory:

Hand Weapons
 g - a +0 dagger
 i - a +0 spear
 t - a +0 trident
Missiles
 m - 5 boomerangs (quivered)
 u - 6 curare-tipped darts
Magical Staves
 f - a cursed staff of wizardry (weapon)
Jewellery
 v - an amulet of regeneration (around mantle)
Wands
 p - a wand of acid (13)
 q - a wand of polymorph (7)
Scrolls
 c - a scroll of identify
 j - a scroll of blinking
 k - 3 scrolls of magic mapping
 n - 2 scrolls of remove curse
 o - 2 scrolls of fear {unknown}
 s - a scroll of immolation {unknown}
 w - a scroll of amnesia {unknown}
Potions
 a - 3 potions of heal wounds
 d - a potion of stabbing
 e - a potion of resistance
 h - 2 potions of curing
 r - a potion of lignification
Comestibles
 b - 5 rations


   Skills:
 + Level 2.8 Fighting
 + Level 3.6 Dodging
 - Level 3.0 Stealth
 + Level 4.0 Spellcasting
 + Level 1.4 Conjurations
 - Level 2.0 Transmutations
 + Level 1.4 Fire Magic
 - Level 5.0 Air Magic
 * Level 7.3 Poison Magic


You had 2 spell levels left.
You knew the following spells:

 Your Spells              Type           Power        Failure   Level  Hunger
a - Sting                 Tmut/Pois      ###.         1%          1    None
b - Poisonous Vapours     Pois/Air       ####..       1%          2    ##.....
c - Mephitic Cloud        Conj/Pois/Air  ###.....     2%          3    ###....
d - Olgreb's Toxic Radia  Pois           ####....     2%          4    ####...
e - Ignite Poison         Fire/Tmut/Pois ###.....     4%          3    ###....

Your spell library contained the following spells:

 Spells                   Type           Power        Failure   Level  Hunger


Dungeon Overview and Level Annotations

Branches:
Dungeon (6/15)             Temple (0/1) D:4

Altars:
Hepliaklqana
Yredelemnul
The Shining One


Innate Abilities, Weirdness & Mutations

You cannot wear most types of armour.
You are very stealthy in the water. (Stealth+)
You are amphibious.
You can wear up to eight rings at the same time.
You can use your tentacles to constrict eight enemies at once.
Your skin changes colour to match your surroundings (Stealth+).
Your rubbery body absorbs attacks. (AC +1, EV +1)


Message History

Casting: Poisonous Vapours (safe; 1% risk of failure)
Confirm with . or Enter, or press ? or * to list all spells.
Aiming: Poisonous Vapours (safe; 1% risk of failure)
Press: ? - help, Dir - move target cursor, f/p - hound
Aim: a hound (severely wounded, very poisoned, haloed) Poisonous vapours surround the hound!
The hound is engulfed in poison gas.
The hound looks even sicker.
You kill the hound!
There is a stone staircase leading up here.
You climb upwards.
There is a stone staircase leading down here.
Partly explored, can't reach some places.
Partly explored, can't reach some places.
Partly explored, can't reach some places.
Partly explored, can't reach some places.
Saving game... please wait.
Welcome back, IcyS the Octopode Venom Mage.
The Shining One says: Lead the forces of light to victory!
Press ? for a list of commands and other information.
Are you sure you want to abandon this character and quit the game? (Confirm with "yes".)

################
<.)>...........############
##############............##
####..........##
#.......<....#####
##........(........
####.............##### #
##...............## # #
##.....@.........## ## ##
#.............<.### #. .#
#.................# #. .##
#####.................## #° ..##
#...##.................# #°
#..###...#.................#####°
.................................
.#...#..>#..)............##......
.###.#...#.......##......##......


There were no monsters in sight!

Vanquished Creatures
  Prince Ribbit (D:5)
  Edmund (D:4)
  An ogre (D:4)
  A centaur (D:5)
  A bullfrog zombie (D:5)
  2 hounds
  5 orc wizards
  5 orc priests
  2 bullfrog skeletons
  4 worker ants
  A hound zombie (D:5)
  11 adders
  8 gnolls
  3 worms (D:2)
  A dart slug (D:2)
  3 leopard geckos
  22 orcs
  6 bats
  3 giant cockroaches
  6 goblins
  8 hobgoblins
  7 jackals
  2 quokkas
  2 ball pythons (D:2)
  11 frilled lizards
  9 kobolds
  6 rats
132 creatures vanquished.

Vanquished Creatures (others)
  5 toadstools (D:1)
5 creatures vanquished.

Grand Total: 137 creatures vanquished

Notes
Turn   | Place    | Note
-------+----------+-------------------------------------------
     0 | D:1      | IcyS the Octopode Venom Mage began the quest for the Orb.
     0 | D:1      | Reached XP level 1. HP: 11/11 MP: 3/3
   473 | D:1      | Reached XP level 2. HP: 17/17 MP: 0/5
  1097 | D:1      | Reached skill level 4 in Poison Magic
  1448 | D:2      | Reached XP level 3. HP: 14/21 MP: 1/6
  1598 | D:2      | Learned a level 2 spell: Poisonous Vapours
  1829 | D:2      | Reached skill level 1 in Air Magic
  1863 | D:2      | Reached XP level 4. HP: 27/27 MP: 8/8
  2608 | D:2      | Reached XP level 5. HP: 21/31 MP: 4/9
  3027 | D:3      | Reached skill level 5 in Poison Magic
  3774 | D:3      | Reached XP level 6. HP: 35/36 MP: 5/10
  4201 | D:3      | Found a faded altar of an unknown god.
  4207 | D:3      | Became a worshipper of the Shining One
  4207 | D:3      | Reached * piety under the Shining One
  4462 | D:3      | Found a basalt altar of Yredelemnul.
  4831 | D:3      | Reached skill level 5 in Air Magic
  5173 | D:3      | Found a hazy altar of Hepliaklqana.
  5264 | D:3      | Reached XP level 7. HP: 42/42 MP: 4/11
  5687 | D:4      | Found a staircase to the Ecumenical Temple.
  5863 | D:4      | Reached skill level 1 in Fighting
  6087 | D:4      | Reached skill level 6 in Poison Magic
  6323 | D:4      | Noticed Edmund
  6335 | D:4      | Killed Edmund
  6728 | D:5      | Entered Level 5 of the Dungeon
  6950 | D:5      | Reached ** piety under the Shining One
  6950 | D:5      | Reached XP level 8. HP: 48/50 MP: 13/13
  6957 | D:5      | Learned a level 3 spell: Mephitic Cloud
  6962 | D:5      | Learned a level 4 spell: Olgreb's Toxic Radiance
  6966 | D:5      | Learned a level 3 spell: Ignite Poison
  7302 | D:5      | Reached skill level 7 in Poison Magic
  7500 | D:5      | Noticed Prince Ribbit
  7517 | D:5      | Killed Prince Ribbit
  7517 | D:5      | Reached skill level 1 in Conjurations
  7517 | D:5      | Reached skill level 1 in Fire Magic
  7805 | D:5      | Quit the game

Levels and vault maps discovered:
D:1:      ldierk_walled_garden, layout_basic, corexii_corridor_pit
D:2:      minmay_evil_eye, layout_loops_cross
D:3:      layout_loops_ring, nicolae_overflow_hidden_temple,
          yredelemnul_altar_generic, chequers_ecumenical_altar_lobes,
          first_ration
D:4:      layout_basic, temple_pool_b, uniq_edmund
D:5:      layout_rooms, lemuel_flamethrower_2, uniq_prince_ribbit1
D:6:      layout_gridville, kennysheep_small_circle

Skill      XL: |  1  2  3  4  5  6  7  8 |
---------------+-------------------------+-----
Stealth        | 3 |  3.0
Poison Magic   | 4 5 6 7 |  7.3
Air Magic      | 1 2 3 5 |  5.0
Spellcasting   | 3 4 |  4.0
Fighting       | 2 |  2.8
Dodging        | 3 |  3.6
Conjurations   | 1 |  1.4
Transmutations | 2 |  2.0
Fire Magic     | 1 |  1.4

Action                   |  1- 3 |  4- 6 |  7- 9 || total
-------------------------+-------+-------+-------++-------
Melee: Dagger            |    12 |    78 |    33 ||   123
       Constrict         |     3 |    14 |     8 ||    25
       Tentacles         |     2 |     9 |     7 ||    18
       Staff             |       |       |     5 ||     5
Throw: Boomerang         |    10 |     3 |       ||    13
 Cast: Sting             |    46 |    27 |       ||    73
       Poisonous Vapours |       |    63 |    70 ||   133
  Use: Scroll            |       |     6 |     4 ||    10
 Stab: Sleeping          |     2 |     8 |       ||    10
  Eat: Chunk             |     3 |    13 |     6 ||    22
       Ration            |       |       |     1 ||     1
Armor: Skin              |     2 |     5 |     4 ||    11
Dodge: Dodged            |    11 |    55 |    26 ||    92

Table legend:
 A = Non-vault XP
 B = Vault XP
 C = Vault XP percentage of total XP
 D = Non-vault monster count
 E = Vault monster count
 F = Vault count percentage of total count
                 A         B        C        D         E       F
            +---------+---------+-------+---------+---------+-------
      Total |    1426 |     446 |  23.8 |     128 |       4 |   3.0
            +---------+---------+-------+---------+---------+-------
        D:1 |      22 |       0 |   0.0 |      16 |       0 |   0.0
        D:2 |     165 |      18 |   9.8 |      36 |       2 |   5.3
        D:3 |     423 |       0 |   0.0 |      46 |       0 |   0.0
        D:4 |     401 |     154 |  27.7 |      16 |       1 |   5.9
        D:5 |     372 |     274 |  42.4 |      13 |       1 |   7.1
        D:6 |      43 |       0 |   0.0 |       1 |       0 |   0.0
            +---------+---------+-------+---------+---------+-------
